 Dungeon Crawl Stone Soup version 0.17-a0-1951-g62301d3 (webtiles) character file.

929 Ordine the Sneak (level 7, 32/32 HPs)
             Began as a Spriggan Enchanter on Oct 3, 2015.
             Quit the game in the Ecumenical Temple.
             The game lasted 00:23:56 (5584 turns).

Ordine the Sneak (Spriggan Enchanter)               Turns: 5584, Time: 00:23:56

Health: 32/32      AC:  4    Str:  4    XL:     7   Next: 85%
Magic:  17/17      EV: 18    Int: 18    God:
Gold:   198        SH:  0    Dex: 17    Spells: 3 memorised, 12 levels left

rFire  . . .     SeeInvis +     k - +0 dagger (venom)
rCold  . . .     Clarity  .     b - +2 robe
rNeg   . . .     SustAt   .     (shield restricted)
rPois  .         Gourm    .     (helmet restricted)
rElec  .         Spirit   .     (no cloak)
rCorr  .         Warding  .     (gloves unavailable)
rMut   .         Stasis   .     (boots unavailable)
MR     +....                    (no amulet)
Stlth  ++++......               (no ring)
                                (no ring)

@: very quick, somewhat resistant to hostile enchantments, stealthy
A: unfitting armour, see invisible, herbivore 3, speed 3, slow metabolism 2
a: no special abilities


You were in the Ecumenical Temple.
You were not hungry.

You visited 2 branches of the dungeon, and saw 6 of its levels.
You also visited: Sewer.

You collected 198 gold pieces.

Inventory:

Hand weapons
 k - a +0 dagger of venom (weapon)
Armour
 b - a +2 robe (worn)
Jewellery
 e - an uncursed ring of ice
 h - an uncursed ring of sustain attributes
Magical devices
 l - a wand of polymorph (19)
Scrolls
 g - 2 scrolls of amnesia
 q - a scroll of enchant armour
 s - a scroll of teleportation
Potions
 a - 2 potions of brilliance
 f - a potion of curing {unknown}
 i - a potion of agility
 j - a potion of haste {unknown}
 m - a potion of heal wounds {unknown}
 o - a potion of resistance {unknown}
 r - a potion of lignification {unknown}
 t - a potion of cancellation {unknown}
Books
 c - a book of Maledictions

   Spells                             Type                      Level
   a - Corona                         Hexes                        1
   b - Ensorcelled Hibernation        Hexes/Ice                    2
   c - Confuse                        Hexes                        3
   d - Tukima's Dance                 Hexes                        3
   e - Dazzling Spray                 Conjuration/Hexes            3
Comestibles
 d - 2 bread rations
 n - a slice of pizza
 p - a royal jelly


   Skills:
 - Level 6.9 Short Blades
 - Level 3.0 Dodging
 * Level 7.0 Stealth
 - Level 6.2 Spellcasting
 + Level 4.6 Hexes


You had 12 spell levels left.
You knew the following spells:

 Your Spells              Type           Power        Failure   Level  Hunger
a - Corona                Hex            ###....      1%          1    None
b - Ensorcelled Hibernat  Hex/Ice        ##....       10%         2    None
c - Confuse               Hex            ###.....     6%          3    ##.....


Dungeon Overview and Level Annotations

Branches:
Dungeon (5/15)             Temple (1/1) D:5

Altars:
Ashenzari
Cheibriados
Fedhas
Gozag
Kikubaaqudgha
Makhleb
Nemelex Xobeh
Okawaru
Qazlal
Trog
Vehumet
Xom
Yredelemnul
Zin
The Shining One

Shops:
D:4 (


Innate Abilities, Weirdness & Mutations

You are tiny and cannot use many weapons and most armour.
You have supernaturally acute eyesight.
You are a herbivore.
You cover ground extremely quickly.
You need consume almost no food.


Message History

You open the door.
There is an open door here.
You open the door.
Found a basalt altar of Yredelemnul.
There is an open door here.
You open the door.
Found a glowing golden altar of the Shining One.
There is an open door here.
You open the door.
Found an ancient bone altar of Kikubaaqudgha.
There is an open door here.
Done exploring.
Done exploring.
There is an open door here.
There is an abandoned shop here.
There is an open door here.
Saving game... please wait.
Welcome back, Ordine the Spriggan Enchanter.
Press ? for a list of commands and other information.
Are you sure you want to abandon this character and quit the game? (Confirm with "yes".)

###############################
#......................<.......
#.######'##############..#####.
#.#._..#..#...#.._.#..'..#...#.
#.#....#∩.#._.#....#..#..'._.#.
#.##'######...#'#######..#...#.
#......#∩.#...#.#.∩#..#.######.
#.####.#..##'##.#..#._#.#..._#.
#.#∩.'.#'##..⌠@.#'##..#.'....#.
#.#..#.............#'##.#....#.
#.#####'##.####'##......#_...#.
#.#_.#...#.'..#..##'##########.
#.#..#.∩.#.#.∩#_.#....#∩.#_..'.
#.#..#...#.####..#.._.#..#...#.
#.#'######..⌠.#########'######.
#..............................
###############################


There were no monsters in sight!

Vanquished Creatures
  The ghost of Ordine the Twirler, an experienced MiGl of Okawaru (D:4)
  Sigmund (D:3)
  A phantom (D:4)
  Blork the orc (D:4)
  A water moccasin skeleton (D:4)
  2 worker ants (D:4)
  Natasha (thrice) (D:3)
  Robin (D:3)
  8 adders
  2 river rats
  An ooze (D:1)
  An adder skeleton (D:4)
  2 worms (D:4)
  A giant gecko (D:2)
  5 orcs
  10 hobgoblins
  7 jackals
  A quokka (D:3)
  2 ball pythons (D:3)
  6 bats
  2 giant cockroaches
  15 goblins
  14 kobolds
  16 rats
104 creatures vanquished.

Notes
Turn   | Place    | Note
--------------------------------------------------------------
     0 | D:1      | Ordine the Spriggan Enchanter began the quest for the Orb.
     0 | D:1      | Reached XP level 1. HP: 9/9 MP: 5/5
   467 | D:1      | Reached XP level 2. HP: 13/13 MP: 7/7
   471 | D:1      | Learned a level 2 spell: Ensorcelled Hibernation
  1065 | D:2      | Found an opulent altar of Gozag.
  1089 | D:2      | Reached XP level 3. HP: 7/16 MP: 9/9
  1369 | D:2      | Learned a level 3 spell: Confuse
  1796 | D:2      | Found a radiant altar of Vehumet.
  2195 | D:2      | Reached XP level 4. HP: 14/21 MP: 11/11
  2255 | D:2      | Found a bloodstained altar of Trog.
  2861 | D:3      | Noticed Sigmund
  2867 | D:3      | Killed Sigmund
  2867 | D:3      | Reached skill level 6 in Spellcasting
  2867 | D:3      | Reached XP level 5. HP: 24/24 MP: 9/14
  2900 | D:3      | Noticed Robin
  2903 | D:3      | Found a faded altar to an unknown god.
  2911 | D:3      | Killed Robin
  3037 | D:3      | Reached XP level 6. HP: 14/28 MP: 3/16
  3128 | D:3      | Found a bloodstained altar of Trog.
  3355 | D:3      | Noticed Natasha
  3362 | D:3      | Killed Natasha
  3409 | D:3      | Noticed Natasha
  3416 | D:3      | Killed Natasha
  3528 | D:3      | Noticed Natasha
  3537 | D:3      | Killed Natasha
  3590 | D:4      | Noticed Ordine's ghost (experienced MiGl)
  3810 | D:4      | Killed Ordine's ghost
  3810 | D:4      | Reached XP level 7. HP: 25/32 MP: 1/17
  4016 | D:4      | Found a glowing drain.
  4021 | Sewer    | Entered a sewer
  4120 | Sewer    | Noticed Undrscore's ghost (average DsGl)
  4565 | D:4      | Found Aferuc's Antique Weapon Emporium.
  4604 | D:4      | Reached skill level 5 in Stealth
  4662 | D:4      | Found a blossoming altar of Fedhas.
  4902 | D:4      | Noticed Blork the orc
  4956 | D:4      | Killed Blork the orc
  5111 | D:4      | Reached skill level 7 in Stealth
  5389 | D:5      | Entered Level 5 of the Dungeon
  5402 | D:5      | Found a staircase to the Ecumenical Temple.
  5414 | Temple   | Entered the Ecumenical Temple
  5584 | Temple   | Quit the game

Vault maps used:
D:1:      minmay_arrival_open_corners
D:2:      vehumet_crystals, lemuel_doored_altar, trog_hazing_becter
D:3:      lemuel_coloured_pillars_altar, ecumenical_altar_2, uniq_natasha,
          uniq_robin, uniq_sigmund
D:4:      fedhas_altar_1, serial_shops, nicolae_shop_trees,
          gup_sewer_entry_spiral, first_bread, uniq_blork_the_orc
D:5:      gammafunk_temple_overflow_elements, minmay_temple_entry_glassed_door
Temple:   bh_familiar_temple
Sewer:    sewer_kobolds

Action                   |  1- 3 |  4- 6 |  7- 9 || total
-------------------------+-------+-------+-------++-------
Melee: Dagger            |   135 |   208 |    71 ||   414
 Cast: Ensorcelled Hiber |    11 |    20 |    14 ||    45
       Confuse           |       |    10 |    15 ||    25
  Use: Scroll            |     6 |     6 |       ||    12
 Stab: Sleeping          |     9 |    20 |    14 ||    43
       Distracted        |     2 |     1 |       ||     3
       Confused          |       |     6 |     5 ||    11
  Eat: Bread ration      |       |     1 |       ||     1
